 Dungeon Crawl Stone Soup version 0.30-a0-782-ge64f9170bb (webtiles) character file.

Game seed: 5755904092996017378

385 Conn the Firebug (level 6, 0/36 HPs)
             Began as an Octopode Fire Elementalist on Feb 20, 2023.
             Slain by a river rat (4 damage)
             ... in a sewer.
             The game lasted 00:08:16 (3710 turns).

Conn the Firebug (Octopode Fire Elementalist)       Turns: 3710, Time: 00:08:17

Health: 0/36       AC:  1    Str:  6 (8)  XL:     6   Next: 77%
Magic:  5/12       EV: 13    Int: 16 (19) God:
Gold:   166        SH:  0    Dex: 10 (12) Spells: 3/13 levels left

rFire   . . .      SeeInvis .    b - +0 short sword
rCold   . . .      Faith    .    (no shield)
rNeg    . . .      Spirit   .    (helmet restricted)
rPois   .          Reflect  .    (no amulet)
rElec   .          Harm     .    (no ring)
rCorr   .          Rampage  .    (no ring)
Will    .....                    (no ring)
Stlth   +++                      (no ring)
HPRegen 0.26/turn                (no ring)
MPRegen 0.13/turn                (no ring)
                                 (no ring)
                                 (no ring)

@: brilliant, attractive
A: almost no armour, amphibious, 8 rings, camouflage 1, gelatinous body 1,
(nimble swimmer 1), tentacles
a: no special abilities


You were in a sewer.
You visited 1 branch of the dungeon, and saw 4 of its levels.
You also visited: Sewer.

You collected 166 gold pieces.

Inventory:

Hand Weapons
 b - a +0 short sword (weapon)
Wands
 o - a wand of flame (15)
Scrolls
 d - a scroll of enchant armour
 e - a scroll of enchant weapon {unknown}
 f - a scroll of amnesia
 g - a scroll of fear {unknown}
 h - a scroll of butterflies {unknown}
 k - a scroll of noise {unknown}
 l - a scroll of identify {unknown}
 n - a scroll of brand weapon {unknown}
Potions
 a - a potion of magic
 c - a potion of might


   Skills:
 + Level 0.2 Fighting
 + Level 0.6 Short Blades
 + Level 0.4 Throwing
 + Level 2.4 Dodging
 + Level 3.7 Stealth
 + Level 0.2 Unarmed Combat
 + Level 4.0 Spellcasting
 + Level 3.1 Conjurations
 + Level 0.1 Hexes
 + Level 4.4 Fire Magic


You had 3 spell levels left.
You knew the following spells:

 Your Spells              Type           Power      Damage    Failure   Level
a - Foxfire               Conj/Fire      92%        2x1d8     3%          1
b - Flame Wave            Conj/Fire      23%        2d8       34%         4
c - Inner Flame           Hex/Fire       15%        N/A       21%         3
e - Scorch                Fire           52%        2d7       4%          2

Your spell library contained the following spells:

 Spells                   Type           Power      Damage    Failure   Level
 Beastly Appendage        Tmut           8%         N/A       17%         1
 Wereblood                Tmut           4%         N/A       26%         2
 Kindle Blastsparks       Fire/Tloc/Air  24%        2d12      26%         3
 Portal Projectile        Hex/Tloc       10%        N/A       43%         3
 Call Canine Familiar     Summ           4%         N/A       45%         3
 Gell's Gravitas          Tloc           4%         N/A       45%         3
 Spider Form              Tmut/Pois      4%         N/A       45%         3
 Teleport Other           Tloc           4%         N/A       45%         3
 Leda's Liquefaction      Hex/Erth       2%         N/A       85%         4
 Dispersal                Tloc           2%         N/A       100%        6
 Borgnjor's Revivificati  Necr           2%         N/A       100%        8
 Necromutation            Tmut/Necr      2%         N/A       100%        8
 Death's Door             Necr           2%         N/A       100%        9


Dungeon Overview and Level Annotations

Branches:
Dungeon (4/15)              Sewer (1/1)
 Temple: D:4-7

Altars:


Innate Abilities, Weirdness & Mutations

You cannot wear most types of armour.
You are amphibious.
You can wear up to eight rings at the same time.
Your skin changes colour to match your surroundings (Stealth+).
Your rubbery body absorbs attacks. (AC +1, EV +1)
((You are camouflaged when in or above water. (Stealth+)))
You have tentacles for arms and can constrict up to eight enemies at once.


Message History

The river rat barely misses you.
You hit the river rat but do no damage.
The river rat is moderately wounded.
You constrict the river rat, but do no damage.
The river rat bites you but does no damage.
Casting: Scorch (safe; 3% risk of failure)
Confirm with . or Enter, or press ? or * to list all spells.
Flames lash the rat.
You kill the rat!
You constrict the river rat.
The river rat is no longer more vulnerable to fire.
The river rat bites you! The river rat bites you.
Casting: Scorch (safe; 3% risk of failure)
Confirm with . or Enter, or press ? or * to list all spells.
Okay, then.
Unknown command.
Unknown command.
It was a potion of brilliance.
You feel clever all of a sudden.
You constrict the river rat. The river rat barely misses you.
The river rat bites you!
* * * LOW HITPOINT WARNING * * *
Okay, then.
Okay, then.
Unknown command.
Unknown command.
Unknown command.
Unknown command.
It was a potion of attraction.
You feel attractive to monsters.
You constrict the river rat. The river rat closely misses you.
The river rat bites you.
* * * LOW HITPOINT WARNING * * *
It was a potion of degeneration.
There was something very wrong with that liquid.
You feel weakened.
You feel dopey.
You feel clumsy.
You constrict the river rat.
You kill the river rat!
The river rat bites you.
You die... ################ ......rr@r....~~ ################

You could see 2 river rats and a rat.

Vanquished Creatures
  A bullfrog (D:4)
  A vampire bat (D:3)
  3 gnolls (D:3)
  4 adders
  2 river rats (Sewer)
  An ufetubus (D:4)
  2 worms
  4 dart slugs
  3 fire bats (D:3)
  9 orcs
  2 spectral bats (D:3)
  3 bat skeletons (D:3)
  A bat zombie (D:3)
  5 endoplasms
  6 giant cockroaches
  4 goblins
  11 hobgoblins
  4 jackals (D:1)
  8 kobolds
  3 quokkas
  12 ball pythons
  14 bats
  A bat simulacrum (D:3)
  4 frilled lizards
  5 rats
113 creatures vanquished.

Vanquished Creatures (others)
  245 foxfires
245 creatures vanquished.

Grand Total: 358 creatures vanquished

Notes
Turn   | Place    | Note
-------+----------+-------------------------------------------
     0 | D:1      | Conn the Octopode Fire Elementalist began the quest for the
                  | Orb.
     0 | D:1      | Reached XP level 1. HP: 11/11 MP: 3/3
   108 | D:1      | Reached XP level 2. HP: 10/17 MP: 3/5
   325 | D:1      | Reached XP level 3. HP: 21/21 MP: 0/6
   328 | D:1      | Learned a level 2 spell: Scorch
   332 | D:1      | Learned a level 3 spell: Inner Flame
   553 | D:1      | Found a faded altar of an unknown god.
  1029 | D:2      | Reached XP level 4. HP: 27/27 MP: 1/7
  2049 | D:3      | Reached XP level 5. HP: 31/31 MP: 0/9
  3154 | D:3      | Reached XP level 6. HP: 23/36 MP: 6/11
  3394 | D:3      | Learned a level 4 spell: Flame Wave
  3674 | D:4      | Found a glowing drain.
  3695 | Sewer    | Entered a sewer
  3710 | Sewer    | Slain by a river rat

Illustrated notes

Levels and vault maps discovered:
D:1:      sevenhm_arrival_forest_fort_large_2, layout_rooms,
          hellmonk_ecumenical_altar_crossroads
D:2:      layout_rooms, serial_corexii_hall, corexii_hall_statues_i,
          chequers_hall_statues_wall_a, corexii_hall_statues_i,
          corexii_hall_statues_deadend
D:3:      layout_basic, goddamned_bats
D:4:      layout_basic, cheibrodos_sewer_entry_drain
Sewer:    sewer_kobolds

Skill      XL: |  1  2  3  4  5  6 |
---------------+-------------------+-----
Stealth        | 3 |  3.7
Conjurations   | 2 3 |  3.1
Spellcasting   | 3 4 |  4.0
Fire Magic     | 4 |  4.4
Fighting       | |  0.2
Short Blades   | |  0.6
Throwing       | |  0.4
Dodging        | |  2.4
Unarmed Combat | |  0.2
Hexes          | |  0.1

Action                     |  1- 3 |  4- 6 || total
---------------------------+-------+-------++-------
  Melee: Unarmed           |    22 |       ||    22
         Constrict         |    12 |    18 ||    30
         Tentacles         |     9 |     9 ||    18
         Punch             |     2 |     2 ||     4
         Short sword       |    12 |    56 ||    68
  Throw: Throwing net      |       |     1 ||     1
   Cast: Foxfire           |    63 |    80 ||   143
         Scorch            |       |    20 ||    20
         Inner Flame       |       |     1 ||     1
    Use: Scroll            |       |     2 ||     2
         Potion            |       |     5 ||     5
   Stab: Sleeping          |     1 |     5 ||     6
 Armour: Skin              |     2 |    28 ||    30
  Dodge: Dodged            |    25 |    99 ||   124

Table legend: (Time is in decaauts)
 A = Elapsed time spent in this place.
 B = Non-inter-level travel time spent in this place.
 C = Inter-level travel time spent in this place.
 D = Time resting spent in this place.
 E = Time spent auto-exploring this place.
 F = Levels seen in this place.
 G = Mean time per level.
                   A        B        C        D        E       F      G
               +--------+--------+--------+--------+--------+-----+--------+
         Total |   3707 |   3651 |     56 |      0 |   2700 |   5 |  741.4 |
       Dungeon |   3693 |   3637 |     56 |      0 |   2700 |   4 |  923.2 |
         Sewer |     14 |     14 |      0 |      0 |      0 |   1 |   14.0 |
               +--------+--------+--------+--------+--------+-----+--------+

Top non-repeatable levels by time:
     D:3: 1670 daAuts
     D:2: 910 daAuts
     D:1: 839 daAuts
     D:4: 272 daAuts
   Sewer: 14 daAuts
